 Dungeon Crawl Stone Soup version 0.22-a0-422-g9628fc8 (webtiles) character file.

128 Borgoz the Skirmisher (level 5, -2/33 HPs)
             Began as a Gargoyle Abyssal Knight on May 19, 2018.
             Was a Follower of Lugonu.
             Slain by a gnoll
             ... wielding a +0 spear
              (3 damage)
             ... on level 3 of the Dungeon.
             The game lasted 00:02:57 (1640 turns).

Borgoz the Skirmisher (Gargoyle Abyssal Knight)     Turns: 1640, Time: 00:03:00

Health: -2/33      AC: 15    Str: 21    XL:     5   Next: 11%
Magic:  7/7        EV:  6    Int: 10    God:    Lugonu [*.....]
Gold:   145        SH:  4    Dex: 10    Spells: 4/4 levels left

rFire    . . .     SeeInvis .   a - +1 hand axe
rCold    . . .     Gourm    .   (no shield)
rNeg     + . .     Faith    .   e - +0 plate armour (curse)
rPois    ∞         Spirit   .   (no helmet)
rElec    +         Reflect  .   (no cloak)
rCorr    .         Harm     .   (no gloves)
MR       .....                  (no boots)
Stlth    ..........             (no amulet)
HPRegen  0.11/turn              (no ring)
MPRegen  0.10/turn              (no ring)

@: mighty
A: large bone plates 1, dopey 1, negative energy resistance 1, electricity
resistance, unbreathing, petrification resistance, rot immunity, AC +4
a: Depart the Abyss, Renounce Religion


You were on level 3 of the Dungeon.
You worshipped Lugonu.
Lugonu was aware of your devotion.
You were not hungry.

You visited 1 branch of the dungeon, and saw 3 of its levels.
You visited the Abyss 1 time.

You collected 145 gold pieces.

Inventory:

Hand Weapons
 a - a +1 hand axe (weapon)
Armour
 b - a +0 leather armour
 d - the +1 robe of the Great Game {rF+ Int+4, unknown}
   (You found it on level 3 of the Abyss)

   It affects your intelligence (+4).
   It protects you from fire.
 e - a cursed +0 plate armour (worn)
Jewellery
 l - a cursed ring of loudness {unknown}
Wands
 o - a wand of polymorph (14)
 s - a wand of enslavement (11)
Scrolls
 f - a scroll of enchant weapon {unknown}
 g - 2 scrolls of fog {unknown}
 m - a scroll of amnesia {unknown}
 n - 2 scrolls of identify {unknown}
Potions
 j - a potion of mutation
 k - a potion of curing {unknown}
 q - a potion of degeneration {unknown}
Comestibles
 c - a ration


   Skills:
 + Level 3.7 Fighting
 * Level 2.8 Axes
 + Level 2.8 Armour
 * Level 2.2 Dodging
 + Level 2.6 Invocations


You had 4 spell levels left.
You didn't know any spells.
Your spell library was empty.

Dungeon Overview and Level Annotations

Branches:
Dungeon (3/15)

Altars:
Nemelex Xobeh


Innate Abilities, Weirdness & Mutations

You are resistant to torment.
Your stone body is resilient. (AC +4)
You are immune to poison.
You resist negative energy. (rN+)
You are resistant to electric shocks. (rElec)
You can survive without breathing.
You are immune to petrification.
You are immune to rotting.
You are partially covered in large bone plates. (SH +4)
You are dopey. (Int -2)


Message History

The gnoll hits you but does no damage. x2
The jackal bites you but does no damage.
You block the jackal's attack. The frilled lizard bites you.
* * * LOW HITPOINT WARNING * * *
The jackal bites you but does no damage.
It was a potion of cancellation.
Your magical effects are unravelling.
You feel magically purged.
You feel yourself slow down. The gnoll hits you but does no damage.
The jackal bites you but does no damage. x2
You block the gnoll's attack. The jackal bites you.
* * * LOW HITPOINT WARNING * * *
It was a potion of might.
You feel very mighty all of a sudden. The jackal barely misses you.
The jackal closely misses you.
The frilled lizard bites you but does no damage.
The jackal bites you but does no damage.
The gnoll hits you from afar with a spear.
You die...

#....###.###. .......#. ..#
#....#...# ## .......... ..#
##..#####. ......[..#...
###..####... ............ ###
####...####..##
.........#.#.##..##....##.....##.
...........#.##.##..###...###....
..............#g##.###..###...##.
.......).#.#...l@h.###.## #.####.
#.....g......ghh#.....####.###..
##...........g#...######....##..
#####..........................
#........#.#...........###.
#..........................
##........##.##.###........
#........#..#..# #........
#.........)...####........


You could see 3 gnolls, 3 jackals and a frilled lizard.

Vanquished Creatures
  Jessica (D:2)
  2 adders (D:2)
  4 gnolls
  A worm (D:3)
  2 dart slugs (D:3)
  A leopard gecko (D:1)
  A giant cockroach (D:1)
  5 goblins
  3 hobgoblins (D:3)
  A jackal (D:3)
  2 quokkas
  2 ball pythons
  3 frilled lizards
  4 kobolds
  13 rats
45 creatures vanquished.

Notes
Turn   | Place    | Note
-------+----------+-------------------------------------------
     0 | Abyss:1  | Borgoz the Gargoyle Abyssal Knight began the quest for the Orb.
     0 | Abyss:1  | Reached XP level 1. HP: 14/14 MP: 2/2
    39 | Abyss:3  | Got a steaming robe
    59 | Abyss:4  | Found a corrupted altar of Lugonu.
    67 | Abyss:4  | Noticed an insubstantial wisp
    67 | Abyss:4  | Noticed an insubstantial wisp
    67 | Abyss:4  | Noticed an insubstantial wisp
    68 | D:1      | Escaped the Abyss
   136 | D:1      | Reached skill level 1 in Dodging
   171 | D:1      | Reached * piety under Lugonu
   235 | D:1      | Reached XP level 2. HP: 18/19 MP: 3/3
   746 | D:2      | Noticed Jessica
   757 | D:2      | Killed Jessica
   757 | D:2      | Reached XP level 3. HP: 21/23 MP: 4/4
   890 | D:2      | Reached XP level 4. HP: 28/28 MP: 5/5
  1077 | D:2      | Found a sparkling altar of Nemelex Xobeh.
  1444 | D:3      | Reached XP level 5. HP: 23/33 MP: 6/6
  1637 | D:3      | Gained mutation: You are dopey. (Int -2) [potion of mutation]
  1637 | D:3      | Gained mutation: You are partially covered in large bone plates. (SH +4) [potion of mutation]
  1639 | D:3      | HP: 1/33 [jackal (1)]
  1640 | D:3      | Slain by a gnoll

Vault maps used:
D:1:      dpeg_arrival_court
D:2:      nemelex_lonely_heart_becter, uniq_jessica
D:3:      minitemple
Abyss:2:  hangedman_decor_points
Abyss:3:  evilmike_abyss_exit_7
Abyss:4:  grunt_abyss_rune_forest_and_sorcery

Skill      XL: |  1  2  3  4 |
---------------+-------------+-----
Dodging        | 1 2 |  2.2
Axes           | 2 |  2.8
Fighting       | |  3.7
Armour         | |  2.8
Invocations    | |  2.6

Action                   |  1- 3 |  4- 6 || total
-------------------------+-------+-------++-------
Melee: Hand axe          |    86 |    77 ||   163
Invok: Depart the Abyss  |     1 |       ||     1
  Use: Potion            |       |     4 ||     4
  Eat: Chunk             |       |     3 ||     3
Armor: Plate armour      |    76 |    96 ||   172
Dodge: Dodged            |    12 |    27 ||    39
Block: Other             |       |     2 ||     2

Table legend:
 A = Spawn XP
 B = Non-spawn XP
 C = Spawn XP percentage of total XP
 D = Spawn monster count
 E = Non-spawn monster count
 F = Spawn count percentage of total count
 G = Total turns spent on level
                    A         B        C        D         E        F      G
               +---------+---------+-------+---------+---------+-------+---------
         Total |       0 |     183 |   0.0 |       0 |      45 |   0.0 |  1640
               +---------+---------+-------+---------+---------+-------+---------
           D:1 |       0 |      20 |   0.0 |       0 |      12 |   0.0 |   604
           D:2 |       0 |      94 |   0.0 |       0 |      18 |   0.0 |   559
           D:3 |       0 |      69 |   0.0 |       0 |      15 |   0.0 |   409
               +---------+---------+-------+---------+---------+-------+---------
